 Dungeon Crawl Stone Soup version 0.13.0-29-gdb529de (webtiles) character file.

271 Paddoo the Vexing (level 4, -2/26 HPs)
             Began as a Kobold Arcane Marksman on Nov 14, 2013.
             Killed from afar by Tyriaz's ghost (9 damage)
             ... with a zap
             ... on Level 3 of the Dungeon.
             The game lasted 00:13:19 (1922 turns).

Paddoo the Vexing (Kobold Arcane Marksman)          Turns: 1922, Time: 00:13:19

HP  -2/26        AC  4     Str 10      XL: 4   Next: 48%
MP   6/6         EV 13     Int 12      God:
Gold 199         SH  0     Dex 14      Spells:  1 memorised,  5 levels left

Res.Fire  : . . .   See Invis. : .   g - +0 short sword
Res.Cold  : . . .   Warding    : .   n - +0 leather armour (curse)
Life Prot.: . . .   Conserve   : .   (no shield)
Res.Poison: .       Res.Corr.  : .   (no helmet)
Res.Elec. : .       Clarity    : .   (no cloak)
Sust.Abil.: . .     Spirit.Shd : .   (no gloves)
Res.Mut.  : .       Stasis     : .   k - +0 pair of boots
Res.Rott. : .       Flight     : .   (no amulet)
Saprovore : + + .                    (no ring)
                                     (no ring)

@: slightly resistant to hostile enchantments, unstealthy
A: disease resistance, carnivore 3, saprovore 2
a: no special abilities


You were on level 3 of the Dungeon.
You were completely stuffed.

You visited 1 branch of the dungeon, and saw 3 of its levels.

You collected 149 gold pieces.

Inventory:

Hand weapons
 b - a +0,+0 crossbow
 g - a +0,+0 short sword (weapon)
Missiles
 c - 5 bolts {=g}
 l - 2 poisoned darts (quivered)
Armour
 a - a +0 robe
 i - a +2 leather armour
 k - a +0 pair of boots (worn)
 n - a cursed +0 leather armour (worn)
Comestibles
 f - 3 meat rations
Scrolls
 e - 2 scrolls of magic mapping
 q - a scroll of teleportation
 r - 2 scrolls of blinking
Potions
 h - 2 potions of mutation {unknown}
 j - a potion of agility {unknown}
 m - 4 potions of curing {unknown}
Books
 d - a book of Debilitation

   Spells                             Type                      Level
   Corona                             Hexes                        1
   *Slow                              Hexes                        2
   Inner Flame                        Hexes/Fire                   3
   Enslavement                        Hexes                        4
   Cause Fear                         Hexes                        4
   Leda's Liquefaction                Hexes/Earth                  4


   Skills:
 * Level 2.3 Fighting
 + Level 0.6 Short Blades
 + Level 3.4 Crossbows
 + Level 2.8 Dodging
 + Level 2.2 Spellcasting
 + Level 3.5 Hexes


You had 5 spell levels left.
You knew the following spells:

 Your Spells              Type           Power        Failure   Level  Hunger
b - Slow                  Hex            #.......     12%         2    ###....


Dungeon Overview and Level Annotations

Branches:
Dungeon (3/27)

Altars:
Nemelex Xobeh

Annotations:
D:3 Tyriaz's ghost, average HuAE


Innate Abilities, Weirdness & Mutations

You recuperate from illness quickly.
You are small and have problems with some larger weapons.
You are carnivorous and can eat meat at any time.
You can eat rotten meat.


Message History

You closely miss Tyriaz's ghost.
Tyriaz's ghost is lightly damaged.
Tyriaz's ghost closely misses you.
You closely miss Tyriaz's ghost.
Tyriaz's ghost is lightly damaged.
Tyriaz's ghost casts a spell at you. The zap hits you!
* * * LOW HITPOINT WARNING * * *
Tyriaz's ghost barely misses you.
You closely miss Tyriaz's ghost.
Tyriaz's ghost is lightly damaged.
Tyriaz's ghost hits you but does no damage.
You miss Tyriaz's ghost.
Tyriaz's ghost is lightly damaged.
Tyriaz's ghost misses you.
You hit Tyriaz's ghost.
Tyriaz's ghost is lightly damaged.
Tyriaz's ghost casts a spell at you. The zap hits you!
You die...

#####
###########################...#
..............%.@p..(.).()....#
#####################(....#...#
#.....#..%###
########.....#...#.. .
.................... #.
########.....#...#.. #.
#p....#...#.. #.
#######.....##.##.. #.
#.......###.##)####


You could see Tyriaz's ghost.

Vanquished Creatures
  An adder (D:2)
  A giant mite (D:2)
  A giant eyeball (D:3)
  A giant gecko (D:1)
  4 orcs (D:3)
  A ball python (D:3)
  3 giant cockroaches
  5 hobgoblins
  3 jackals (D:1)
  5 kobolds
  2 quokkas (D:2)
  5 bats
  3 giant newts (D:1)
  9 goblins
  7 rats
51 creatures vanquished.

Notes
Turn   | Place    | Note
--------------------------------------------------------------
     0 | D:1      | Paddoo, the Kobold Arcane Marksman, began the quest for the Orb.
     0 | D:1      | Reached XP level 1. HP: 12/12 MP: 1/1
    69 | D:1      | Reached XP level 2. HP: 16/16 MP: 3/3
   116 | D:1      | Learned a level 2 spell: Slow
   580 | D:1      | Found a sparkling altar of Nemelex Xobeh.
   668 | D:1      | Reached XP level 3. HP: 20/20 MP: 4/4
  1307 | D:2      | Reached XP level 4. HP: 21/25 MP: 3/6
  1801 | D:3      | Paralysed by a giant eyeball for 4 turns
  1807 | D:3      | Paralysed by a giant eyeball for 3 turns
  1813 | D:3      | Paralysed by a giant eyeball for 3 turns
  1890 | D:3      | Noticed Tyriaz's ghost (average HuAE)
  1922 | D:3      | Killed from afar by Tyriaz's ghost

Action                   |  1- 3 |  4- 6 || total
-------------------------+-------+-------++-------
Melee: Short sword       |    29 |    53 ||    82
 Fire: Crossbow          |    49 |    17 ||    66
 Cast: Slow              |     2 |     2 ||     4
  Use: Scroll            |     3 |     6 ||     9
